Map: Chantier naval orbital

Players

Senryakku - Winner!

  • Race: Terran Terran
  • League: Diamond

IA (élite)

  • Race: Zerg Zerg

VOD

Have the link to the VOD?

Description

Time

  • Played on: Nov. 30, 2015, 3:02 p.m.
  • Length: 17:04
Show
View Real Time Build Order
Export as new Build Order

Senryakku Terran - Winner!

Build Orders: Hellion Banshee 

Get SALT Encoding   

  12  0:01  SCV  
  13  0:13  SCV  
  14  0:17  Supply Depot  
  14  0:25  SCV  
  15  0:39  SCV  
  15  0:41  Barracks  
  16  0:51  SCV  
  17  1:03  SCV  
  18  1:15  SCV  
  19  1:28  Marine, Orbital Command  
  20  1:36  Command Center  
  20  1:43  Refinery  
  20  1:44  Refinery  
  20  1:47  Marine  
  21  1:56  SCV  
  21  2:00  Supply Depot  
  22  2:05  Marine  
  23  2:22  SCV  
  24  2:27  Factory  
  24  2:34  SCV  
  24  2:37  Barracks Reactor  
  25  2:46  SCV  
  25  2:48  Orbital Command  
  26  2:59  SCV  
  26  3:00  Refinery  
  26  3:02  Refinery  
  27  3:11  SCV  
  28  3:12  Supply Depot  
  28  3:17  Starport  
  28  3:18  Starport  
  28  3:22  Hellion x2  
  28  3:25  SCV  
  28  3:26  SCV  
  34  3:37  SCV  
  34  3:39  SCV  
  36  3:45  Hellion x2  
  40  3:50  SCV  
  40  3:54  SCV  
  42  3:58  Starport Tech Lab  
  42  3:59  Starport Tech Lab  
  43  4:02  SCV  
  43  4:06  SCV  
  43  4:08  Hellion x2  
  48  4:16  Supply Depot  
  48  4:17  SCV  
  48  4:18  SCV  
  48  4:19  Cloaking Field  
  50  4:25  Banshee  
  53  4:38  Banshee, Hellion x2  
  60  4:41  Supply Depot  
  60  4:42  SCV  
  60  4:43  SCV  
  62  4:46  Supply Depot  
  62  5:02  SCV  
  62  5:03  SCV  
  62  5:04  Hellion x2  
  68  5:11  Banshee  
  71  5:15  SCV x2  
  73  5:22  Banshee  
  73  5:27  Supply Depot  
  76  5:29  Supply Depot  
  76  5:36  Armory  
  76  5:41  Command Center, SCV x2  
  78  5:53  SCV x2  
  78  5:54  Factory, Starport  
  80  5:58  Banshee  
  83  6:07  Hellion  
  83  6:08  Hellion  
  87  6:11  SCV  
  87  6:12  SCV  
  87  6:16  Barracks Reactor  
  89  6:23  SCV  
  90  6:26  Terran Ship Weapons Level 1  
  90  6:34  Banshee  
  90  6:38  Factory Tech Lab  
  93  6:41  Supply Depot  
  58  6:47  Liberator x2  
  81  6:55  Orbital Command  
  81  6:57  Banshee  
  80  7:02  Cyclone  
  80  7:03  Hellbat x2  
  93  7:08  SCV  
  93  7:09  SCV  
  93  7:14  Orbital Command  
  95  7:18  Refinery  
  95  7:19  Banshee  
  95  7:21  SCV x2  
  100  7:23  Refinery  
  100  7:24  Supply Depot  
  100  7:27  Supply Depot  
  104  7:30  Hellbat x2  
  104  7:34  Liberator  
  104  7:35  Liberator  
  100  7:39  Cyclone  
  100  7:41  SCV x2  
  100  7:42  SCV  
  106  7:48  Supply Depot  
  106  7:51  Supply Depot  
  106  7:53  SCV x2  
  106  7:54  SCV, Hellbat x2  
  119  8:04  Banshee x2  
  125  8:11  Fusion Core  
  125  8:15  Armory  
  125  8:20  Liberator x2  
  125  8:22  Cyclone  
  125  8:23  Hellbat x2  
  132  8:38  Command Center  
  138  8:49  Banshee  
  138  8:50  Raven  
  138  8:54  Terran Ship Weapons Level 2  
  143  8:58  Hellbat x2  
  147  9:12  Supply Depot  
  147  9:14  Supply Depot, Cyclone  
  150  9:19  Terran Vehicle And Ship Armor Level 1  
  150  9:21  Hellbat x2  
  150  9:23  Infernal Pre-Igniter  
  154  9:32  SCV x3  
  154  9:36  Supply Depot  
  154  9:37  Supply Depot  
  160  9:42  Liberator x2  
  160  9:43  Hellbat  
  160  9:44  SCV x3, Hellbat  
  170  10:05  Refinery  
  170  10:10  Refinery  
  157  10:38  Banshee  
  157  10:39  Banshee  
  157  10:40  Cyclone, Hellbat x2  
  170  10:47  Advanced Ballistics  
  170  10:51  Liberator  
  170  10:52  Liberator  
  170  11:03  Hellbat  
  170  11:04  Hellbat  
  174  11:05  Engineering Bay  
  174  11:08  Hyperflight Rotors  
  180  11:41  Planetary Fortress  
  180  12:10  Command Center x2  
  163  14:00  Mag-Field Accelerator  
  163  14:32  Orbital Command x2  
Show
View Real Time Build Order
Export as new Build Order

IA (élite) Zerg 

Build Orders: Pool First 

Get SALT Encoding   

  12  0:00  Drone  
  13  0:12  Overlord  
  13  0:17  Drone  
  14  0:30  Drone  
  15  0:38  Spawning Pool  
  15  0:40  Drone  
  15  0:45  Drone  
  15  0:49  Drone  
  17  0:52  Extractor  
  17  0:55  Drone  
  17  1:06  Drone  
  18  1:17  Drone  
  19  1:27  Zergling x2, Queen  
  19  1:30  Roach Warren  
  21  1:38  Overlord  
  21  1:49  Drone  
  22  1:59  Overlord  
  22  2:10  Roach  
  24  2:21  Roach  
  26  2:24  Hatchery  
  25  2:32  Drone  
  25  2:34  Roach x2  
  30  2:39  Roach  
  34  2:44  Roach  
  34  2:54  Overlord  
  34  2:57  Metabolic Boost  
  34  3:06  Zergling x4  
  34  3:07  Zergling x2  
  37  3:16  Zergling x2  
  38  3:27  Zergling x2  
  39  3:35  Zergling x2  
  39  3:37  Drone x3  
  39  3:38  Extractor  
  39  3:39  Lair  
  42  3:58  Extractor  
  42  4:00  Drone  
  42  4:03  Drone  
  42  4:07  Drone  
  44  4:13  Overlord  
  44  4:17  Drone  
  45  4:20  Drone  
  47  4:24  Drone  
  47  4:26  Drone  
  47  4:30  Drone  
  49  4:33  Drone  
  49  4:36  Drone  
  51  4:39  Hydralisk Den  
  51  4:40  Drone  
  51  4:43  Drone  
  52  4:49  Overlord  
  52  4:52  Drone  
  53  4:54  Drone  
  53  4:57  Drone  
  53  4:59  Drone  
  56  5:02  Drone  
  56  5:04  Drone  
  57  5:09  Drone  
  57  5:11  Hydralisk  
  57  5:12  Drone  
  57  5:13  Overlord  
  61  5:17  Hydralisk  
  61  5:20  Zergling x2  
  59  5:25  Drone  
  60  5:30  Drone  
  61  5:36  Drone  
  61  5:41  Drone  
  63  5:44  Overlord, Drone x2  
  63  5:46  Infestation Pit  
  63  5:48  Drone  
  65  5:52  Drone  
  66  5:58  Drone  
  66  6:01  Ravager  
  66  6:02  Evolution Chamber, Ravager  
  66  6:03  Roach  
  70  6:09  Drone  
  71  6:11  Hatchery  
  71  6:13  Roach  
  71  6:14  Overseer  
  71  6:16  Drone  
  73  6:19  Overlord  
  73  6:21  Drone  
  73  6:22  Drone  
  73  6:24  Drone  
  76  6:30  Zerg Ground Armor Level 1  
  76  6:32  Pneumatized Carapace, Roach  
  78  6:35  Roach  
  80  6:42  Overlord  
  80  6:46  Evolution Chamber, Roach  
  81  6:47  Infestor  
  81  6:48  Drone, Roach  
  72  6:54  Zergling x2  
  72  6:56  Zergling x2  
  64  7:05  Roach, Extractor  
  64  7:07  Roach  
  65  7:11  Zerg Missile Weapons Level 1  
  65  7:16  Ravager, Roach  
  65  7:18  Spine Crawler, Roach  
  65  7:19  Spine Crawler, Hydralisk x2, Roach  
  74  7:23  Roach  
  74  7:28  Drone x2  
  67  7:39  Zergling x4  
  69  7:47  Ravager  
  69  7:49  Roach  
  69  7:50  Roach  
  72  7:51  Drone  
  72  7:52  Drone, Roach  
  75  8:00  Drone  
  75  8:01  Drone  
  77  8:07  Hatchery  
  77  8:11  Drone  
  77  8:12  Drone  
  78  8:15  Extractor  
  78  8:17  Spore Crawler  
  78  8:18  Spore Crawler  
  78  8:19  Queen  
  77  8:20  Ravager  
  77  8:22  Burrow, Infestor, Drone  
  77  8:23  Hydralisk, Roach x2  
  87  8:31  Lurker Den, Extractor  
  87  8:33  Drone  
  88  8:34  Drone  
  88  8:43  Overlord  
  88  8:45  Drone  
  89  8:54  Drone x2, Hydralisk  
  89  8:55  Roach  
  95  8:56  Drone  
  96  9:04  Overlord  
  96  9:07  Drone  
  97  9:15  Drone  
  97  9:16  Zerg Missile Weapons Level 2  
  98  9:18  Drone  
  98  9:19  Drone  
  98  9:21  Queen  
  102  9:26  Overlord, Roach, Drone x2  
  102  9:29  Drone  
  102  9:30  Drone  
  108  9:37  Drone  
  108  9:38  Zerg Ground Armor Level 2  
  109  9:40  Hatchery, Drone x2  
  110  9:47  Glial Reconstitution  
  110  9:48  Drone  
  110  9:51  Drone x2, Spine Crawler  
  112  9:54  Infestor  
  112  9:55  Drone, Spine Crawler, Roach  
  112  9:57  Overlord, Drone  
  112  9:59  Drone  
  118  10:01  Infestor  
  118  10:03  Roach  
  118  10:05  Roach  
  123  10:10  Zergling x2  
  123  10:12  Zergling x2  
  123  10:14  Roach  
  112  10:21  Roach  
  94  10:23  Roach, Zergling x4  
  94  10:24  Hydralisk Den  
  94  10:26  Spire  
  96  10:28  Hydralisk  
  96  10:29  Hydralisk  
  96  10:31  Roach  
  96  10:33  Roach  
  96  10:35  Roach  
  106  10:36  Zergling x2  
  106  10:37  Zergling x2  
  108  10:46  Evolution Chamber  
  108  10:47  Hydralisk  
  109  10:50  Hydralisk  
  109  10:53  Drone  
  109  10:54  Drone x3  
  109  10:55  Drone  
  109  10:56  Drone  
  117  10:58  Drone  
  117  10:59  Drone  
  119  11:07  Hive  
  119  11:11  Zerg Melee Weapons Level 1  
  119  11:13  Overlord  
  119  11:22  Extractor  
  119  11:23  Drone  
  119  11:27  Extractor  
  119  11:28  Drone  
  119  11:31  Spore Crawler  
  119  11:32  Drone, Spore Crawler  
  118  11:34  Drone  
  118  11:36  Infestor  
  118  11:37  Corruptor  
  118  11:38  Mutalisk  
  125  11:42  Mutalisk  
  127  11:48  Mutalisk  
  127  11:49  Overlord  
  129  11:54  Mutalisk  
  129  11:59  Mutalisk  
  133  12:04  Mutalisk  
  135  12:09  Overlord  
  135  12:10  Mutalisk  
  135  12:14  Corruptor  
  139  12:19  Corruptor, Hydralisk  
  141  12:24  Corruptor  
  141  12:25  Ultralisk Cavern  
  141  12:27  Drone  
  141  12:29  Overlord, Corruptor  
  145  12:33  Corruptor  
  145  12:36  Zergling x2  
  145  12:37  Zergling x2  
  145  12:38  Spine Crawler  
  145  12:39  Drone, Zergling x2, Mutalisk  
  145  12:40  Spore Crawler  
  145  12:42  Drone, Zergling x4  
  145  12:43  Hydralisk, Zergling x2  
  143  12:45  Zergling x2  
  143  12:47  Queen, Roach, Zergling x2  
  143  12:49  Hydralisk  
  143  12:51  Roach  
  131  12:52  Roach  
  131  12:55  Drone  
  119  12:59  Lair  
  119  13:01  Drone, Zergling x2  
  119  13:02  Drone, Zergling x2  
  117  13:06  Hydralisk  
  117  13:07  Drone  
  117  13:08  Drone, Zergling x2  
  117  13:10  Drone, Hydralisk  
  117  13:11  Drone  
  101  13:13  Overseer  
  101  13:14  Hatchery  
  101  13:16  Ultralisk  
  101  13:22  Roach  
  101  13:24  Hydralisk  
  95  13:27  Drone  
  95  13:28  Drone  
  95  13:30  Drone  
  95  13:32  Drone  
  96  13:34  Drone  
  96  13:36  Drone  
  96  13:39  Roach  
  91  13:42  Roach  
  91  13:44  Roach  
  91  13:47  Hydralisk  
  88  13:49  Drone  
  88  13:51  Zergling x2  
  88  13:53  Roach  
  85  13:56  Hydralisk  
  85  13:59  Hydralisk  
  87  14:02  Hydralisk  
  87  14:05  Drone  
  87  14:06  Drone  
  87  14:08  Drone  
  87  14:09  Drone  
  89  14:11  Zergling x2  
  89  14:13  Drone  
  89  14:14  Drone  
  89  14:15  Drone  
  86  14:17  Drone  
  86  14:19  Drone  
  86  14:21  Roach  
  86  14:23  Drone  
  89  14:25  Drone  
  89  14:26  Drone  
  89  14:27  Drone  
  89  14:30  Roach  
  87  14:34  Roach  
  87  14:36  Drone, Zergling x2  
  86  14:38  Hydralisk  
  86  14:39  Drone x2  
  86  14:41  Drone  
  86  14:42  Drone  
  86  14:44  Drone  
  89  14:46  Drone  
  89  14:49  Zergling x2  
  89  14:51  Roach  
  64  14:55  Roach  
  64  14:59  Zergling x2  
  58  15:00  Roach  
  47  15:16  Zergling x2  
  28  15:37  Hatchery  
  27  16:08  Hydralisk Den  
  23  16:14  Spawning Pool  
  15  16:38  Hatchery  
  15  16:39  Hydralisk  
  16  16:44  Drone  
  16  16:46  Drone  
Tags
 
Add a new tag
Caveats
  • Supply blocks, unpowered buildings, or Contaminate may cause inaccurate times.
  • Supply counts are checked every 10 seconds.